 Dungeon Sprint DCSS version 0.17-a0-1663-gb806841 (webtiles) character file.

856 Kidiri the Blocker (level 7, -8/67 HPs)
             Began as a Minotaur Fighter on Aug 16, 2015.
             Was a Believer of Okawaru.
             Mangled by a vampire knight
             ... wielding a +0 great mace
              (28 damage)
             ... while paralysed by something
             ... in the Dungeon (Sprint VII: "The Pits").
             The game lasted 00:04:13 (550 turns).

Kidiri the Blocker (Minotaur Fighter)                Turns: 550, Time: 00:04:13

Health: -8/67      AC: 16    Str: 22    XL:     7   Next: 70%
Magic:  10/10      EV:  2    Int:  5    God:    Okawaru [**....]
Gold:   0          SH:  0    Dex: 10    Spells: 0 memorised, 6 levels left

rFire  . . .     SeeInvis .     a - +0 war axe
rCold  . . .     Clarity  .     b - +2 plate armour
rNeg   . . .     SustAt   .     c - +0 shield
rPois  .         Gourm    .     (helmet restricted)
rElec  .         Spirit   .     (no cloak)
rCorr  .         Warding  .     (no gloves)
rMut   .         NoTele   +     (no boots)
MR     .....                    (no amulet)
Stlth  ..........               (no ring)
                                (no ring)

@: paralysed, not resistant to hostile enchantments, extremely unstealthy
A: retaliatory headbutt, horns 2
a: Heroism, Renounce Religion


You were in the Dungeon.
You worshipped Okawaru.
Okawaru was pleased with you.
You were not hungry.

You visited 1 branch

Inventory:

Hand weapons
 a - a +0 war axe (weapon)
Armour
 b - a +2 plate armour (worn)
 c - a +0 shield (worn)
Scrolls
 k - a scroll of blinking
 p - 3 scrolls of remove curse
 q - 5 scrolls of amnesia
 r - a scroll of summoning
Potions
 d - a potion of might
 f - 6 potions of curing
 g - 4 potions of heal wounds
 h - a potion of haste
 i - 4 potions of magic
 j - 3 potions of berserk rage
 o - 2 potions of invisibility
Comestibles
 e - 8 bread rations
 l - 9 chunks of flesh
 m - 40 fruits
 n - 7 meat rations


   Skills:
 + Level 7.9 Fighting
 * Level 9.6 Axes
 * Level 10.3 Armour
 + Level 6.0 Dodging
 * Level 10.3 Shields
 + Level 5.4 Invocations


You had 6 spell levels left.
You didn't know any spells.

Dungeon Overview and Level Annotations

Branches:
Dungeon (1/1)

Altars:
Ashenzari
Cheibriados
Dithmenos
Elyvilon
Fedhas
Gozag
Kikubaaqudgha
Makhleb
Nemelex Xobeh
Okawaru
Qazlal
Ru
Sif Muna
Trog
Vehumet
Xom
Yredelemnul
Zin
The Shining One
Beogh
Jiyva
Lugonu

Annotations:
D Blork the orc


Innate Abilities, Weirdness & Mutations

You reflexively headbutt those who attack you in melee.
You have a pair of horns on your head.


Message History

Unknown command.
Drink which item? (? for menu, Esc to quit)
You feel much better. Something hits you!!
Something bites you but does no damage.
You hear some strange, mumbled words.
A puff of frost appears from out of thin air!
The puff of frost hits something.
Something hits you!!
* * * LOW HITPOINT WARNING * * *
Something bites you.
* * * LOW HITPOINT WARNING * * *
You block its attack. Something bites you but does no damage.
There is an open door, spattered with blood here.
You see here a warg skeleton.
Drink which item? (? for menu, Esc to quit)
You feel much better.
You hear some strange, mumbled words.
You suddenly lose the ability to move!
Something hits you but does no damage. Something bites you but does no damage.
Something hits you!!
You die...

#.#))#.....##.......#
#.#))#.....##.......#
#)#[[###+####.......#
#)##+#[....##...<...#
#.#........##.......#
#(#........##.......#
#'###########.......#
#.......#..##########
#.......#@######
#...#...#.#....#
#..###..#÷#....#
#...#...#[†....+
#.......#'#....#
#.......'.#....#
################


There were no monsters in sight!

Vanquished Creatures
  A demonic crawler (D)
  A spriggan (D)
  A deep elf fighter (D)
  A warg (D)
  A big kobold (D)
  2 jellies (D)
  2 worker ants (D)
  2 mummies (D)
  A river rat (D)
  An adder zombie (D)
  An ooze (D)
  A worm (D)
  An orc (D)
  2 giant cockroaches (D)
  A quokka (D)
  A giant gecko (D)
  A goblin (D)
  4 jackals (D)
25 creatures vanquished.

Notes
Turn   | Place    | Note
--------------------------------------------------------------
     0 | D        | Kidiri the Minotaur Fighter began the quest for the Orb.
     0 | D        | Reached XP level 1. HP: 19/19 MP: 0/0
    29 | D        | Reached skill level 4 in Fighting
    58 | D        | Found a sacrificial altar of Ru.
    58 | D        | Found a basalt altar of Yredelemnul.
    58 | D        | Found a shadowy altar of Dithmenos.
    58 | D        | Found a deep blue altar of Sif Muna.
    58 | D        | Found a burning altar of Makhleb.
    58 | D        | Found a shimmering altar of Xom.
    58 | D        | Found an ancient bone altar of Kikubaaqudgha.
    58 | D        | Found a sparkling altar of Nemelex Xobeh.
    59 | D        | Found a glowing golden altar of the Shining One.
    59 | D        | Found a bloodstained altar of Trog.
    59 | D        | Found a shattered altar of Ashenzari.
    59 | D        | Found a white marble altar of Elyvilon.
    59 | D        | Found a snail-covered altar of Cheibriados.
    59 | D        | Found a blossoming altar of Fedhas.
    59 | D        | Found a radiant altar of Vehumet.
    59 | D        | Found a glowing silver altar of Zin.
    59 | D        | Found a corrupted altar of Lugonu.
    59 | D        | Found a viscous altar of Jiyva.
    59 | D        | Found a roughly hewn altar of Beogh.
    59 | D        | Found an iron altar of Okawaru.
    65 | D        | Found a stormy altar of Qazlal.
    66 | D        | Found an opulent altar of Gozag.
    68 | D        | Became a worshipper of Warmaster Okawaru
    85 | D        | Reached XP level 2. HP: 20/27 MP: 1/1
    91 | D        | Reached skill level 1 in Dodging
    91 | D        | Reached skill level 1 in Invocations
    95 | D        | Noticed a worker ant
    98 | D        | Killed a worker ant
    98 | D        | Reached skill level 5 in Armour
    98 | D        | Reached skill level 5 in Shields
    98 | D        | Reached XP level 3. HP: 25/34 MP: 1/3
   297 | D        | Noticed a big kobold
   298 | D        | Noticed a jelly
   298 | D        | Noticed a deep elf fighter
   316 | D        | Killed a big kobold
   316 | D        | Acquired Okawaru's first power
   316 | D        | Reached skill level 5 in Fighting
   316 | D        | Reached skill level 5 in Axes
   316 | D        | Reached skill level 6 in Armour
   316 | D        | Reached XP level 4. HP: 40/42 MP: 3/5
   318 | D        | Killed a jelly
   318 | D        | Reached skill level 7 in Armour
   318 | D        | Reached XP level 5. HP: 37/50 MP: 3/6
   324 | D        | Killed a deep elf fighter
   324 | D        | Reached skill level 8 in Armour
   324 | D        | Reached XP level 6. HP: 37/58 MP: 3/8
   336 | D        | Noticed a jelly
   343 | D        | Killed a jelly
   473 | D        | Noticed a spriggan
   475 | D        | Killed a spriggan
   475 | D        | Reached skill level 9 in Armour
   475 | D        | Reached skill level 5 in Dodging
   482 | D        | Noticed a warg
   482 | D        | Noticed a worker ant
   487 | D        | Killed a worker ant
   492 | D        | Killed a warg
   492 | D        | Reached XP level 7. HP: 59/66 MP: 7/9
   525 | D        | Noticed Blork the orc
   525 | D        | Noticed a demonic crawler
   526 | D        | Noticed a vampire knight
   538 | D        | Killed a demonic crawler
   538 | D        | Reached skill level 10 in Armour
   538 | D        | Reached skill level 10 in Shields
   538 | D        | Reached skill level 5 in Invocations
   549 | D        | Paralysed by something for 7 turns
   550 | D        | Mangled by a vampire knight

Vault maps used:
D:        pitsprint

Action                   |  1- 3 |  4- 6 |  7- 9 || total
-------------------------+-------+-------+-------++-------
Melee: War axe           |    52 |    34 |    19 ||   105
Invok: Heroism           |       |     1 |       ||     1
  Use: Potion            |       |       |     2 ||     2
